Cogmind - Beta 13 @@@ ROGUE MODE // 2024.04.03 @ 08:52:51 Player: JackieG Result: Destroyed by H-61 Shepherd via exploding Fusion Modulator Performance ------------- Evolutions (2) 1000 Regions Visited (3) 600 Robots Destroyed (47) 235 Value Destroyed (1552) 1552 Prototype IDs (0) 0 Alien Tech Used (0) 0 Bonus (78) 78 TOTAL SCORE: 3465 Bonus ------- High Alert Combat Kills 78 Cogmind --------- Core Integrity 0/550 Matter 219/300 Energy 83/100 System Corruption 0% Temperature Cool (12) Movement Core (100) Ox1 Location -8/Materials Parts ------- > --- POWER (1) -------- (None) > --- PROPULSION (3) --- (None) > --- UTILITY (4) ------ Improved Signal Interpreter Targeting Computer > --- WEAPON (3) ------- Beam Rifle Heavy Hammer > --- INVENTORY (5) ---- Improved Medium Armor Plating Improved Medium Armor Plating Piercing Trap Peak State ------------ > --- POWER ------------ Light Nuclear Core > --- PROPULSION ------- Gravmag System Gravmag System Gravmag System > --- UTILITY ---------- Structural Scanner Improved Signal Interpreter Targeting Computer Kinecellerator > --- WEAPON ----------- Assault Cannon Heavy Rocket Launcher Heavy Hammer > --- INVENTORY -------- Gravmag System Improved Medium Armor Plating Improved Medium Armor Plating Beam Rifle Piercing Trap [Rating: 34] Favorites ----------- Power Ion Engine Engine Ion Engine Power Core Light Nuclear Core Propulsion Light Treads Treads Light Treads Leg Myomer Leg Hover Unit Gravmag System Utility Targeting Computer Device Phase Shifter Storage Small Storage Unit Processor Targeting Computer Protection Light Armor Plating Weapon Subdweller Machine Gun Energy Gun Beam Rifle Energy Cannon EM Pulse Cannon Ballistic Gun Subdweller Machine Gun Ballistic Cannon Assault Cannon Launcher Grenade Launcher Impact Weapon Heavy Hammer Build | -11 -10 -10 -8 ------- Run | Yrd Mat Sub Mat Slots Evolved 4 | . . . 4 Power . | . . . . Propulsion 1 | . . . 1 Utility 2 | . . . 2 Weapon 1 | . . . 1 Parts Attached 49 | 6 2 12 29 Power 7 | 1 . 2 4 Engine 6 | 1 . 2 3 Core 1 | . . . 1 Reactor . | . . . . Propulsion 12 | 2 . 3 7 Treads 3 | 2 . . 1 Leg 5 | . . 3 2 Wheel . | . . . . Hover 4 | . . . 4 Flight . | . . . . Utility 13 | 1 1 3 8 Device 5 | . 1 1 3 Storage 1 | 1 . . . Processor 3 | . . . 3 Hackware . | . . . . Protection 4 | . . 2 2 Artifact . | . . . . Weapon 17 | 2 1 4 10 Energy Gun 1 | . . . 1 Energy Cannon 3 | . . . 3 Ballistic Gun 7 | 2 . 3 2 Ballistic Cannon 1 | . . . 1 Launcher 4 | . 1 1 2 Special Weapon . | . . . . Impact Weapon 1 | . . . 1 Slashing Weapon . | . . . . Piercing Weapon . | . . . . Special Melee Weapon . | . . . . Unidentified Prototypes . | . . . . Parts Lost 19 | . . . 19 Power 3 | . . . 3 Propulsion 6 | . . . 6 Utility 4 | . . . 4 Weapon 6 | . . . 6 Highest Loss Streak 8 | . . . 8 To Critical Strikes . | . . . . Average Slot Usage (%) 91 | . 93 100 83 Engine 10 | . 14 14 6 Treads 8 | . 28 5 3 Leg 13 | . . 22 10 Hover 3 | . . . 6 Device 11 | . 7 14 10 Storage 3 | . 14 2 . Processor 7 | . . . 16 Protection 5 | . . 11 3 Energy Cannon 3 | . . . 6 Ballistic Gun 11 | . 26 14 4 Ballistic Cannon 2 | . . . 5 Launcher 7 | . 1 13 4 Impact Weapon 1 | . . . 3 Naked Turns . | . . . . Heaviest Build 32 | 14 16 20 32 Greatest Support 50 | 40 40 40 50 Greatest Overweight (x) 3 | . . . 3 Average Overweight (x) . | . . . . Largest Inventory Capacity 8 | 8 8 8 5 Average Capacity 5 | 7 8 5 5 Most Carried 8 | 4 7 8 5 Average Carried 4 | 1 4 5 4 Final Capacity 8 | 8 8 5 5 Final Carried 7 | 1 7 5 3 Class Distribution -------------------- 40% | Mutant 35% | Scavenger-Mutant 18% | Scavenger-Gunner 4% | Scavenger-Bomber Dominant Class ---------------- Mutant | -10/Materials Scavenger-Mutant | -10/Subcaves Scavenger-Gunner | -8/Materials Resources | -11 -10 -10 -8 ----------- Run | Yrd Mat Sub Mat Matter Collected 1228 | 233 63 250 682 Remotely . | . . . . Salvage Created 1163 | . 178 284 701 Parts 73 | . 13 12 48 Haulers Intercepted . | . . . . Recyclers Shooed 1 | . . . 1 Parts Field Recycled . | . . . . Retrieved Matter . | . . . . Parts Self-Destructed 17 | . . 17 . Prevented . | . . . . Kills | -11 -10 -10 -8 ------- Run | Yrd Mat Sub Mat Combat Hostiles Destroyed 37 | . 4 9 24 Melee 2 | . . . 2 Guns 6 | . 2 1 3 Cannons 5 | . . . 5 AOE 21 | . 2 8 11 Classes Destroyed 10 | . 2 1 7 Worker 4 | . 2 . 2 Builder 2 | . . . 2 Recycler 1 | . . . 1 Watcher 3 | . . . 3 Swarmer 4 | . . . 4 Cutter 3 | . . . 3 Grunt 17 | . 4 . 13 Sentry 3 | . . . 3 Hunter 1 | . . . 1 Subdweller 9 | . . 9 . Best Kill Streak 7 | . 4 7 7 Combat Bots Only 7 | . 2 7 6 Max Kills in Single Turn 3 | . 2 2 3 Gunslinging . | . . . . Exploded 3 | . 1 2 3 Melee 1 | . . . 1 Uniques/NPCs Destroyed . | . . . . Combat | -11 -10 -10 -8 -------- Run | Yrd Mat Sub Mat Hostile Shots Fired 259 | . 23 30 206 Missed 100 | . 7 15 78 Damage Taken 2753 | . 192 353 2208 Core 686 | . 25 86 575 Absorbed by Shields . | . . . . Core Remaining (%) 77 | 100 . 55 . Volleys Fired 79 | . 12 14 53 Largest 3 | . 2 2 3 Hottest 107 | . 50 60 107 Shots Fired 136 | . 24 21 91 Gun 73 | . 21 15 37 Cannon 32 | . . . 32 Launcher 31 | . 3 6 22 Special . | . . . . Kinetic 102 | . 21 15 66 Thermal . | . . . . Explosive 31 | . 3 6 22 Electromagnetic 3 | . . . 3 Robot Hit Streak 5 | . 4 4 5 Robot Miss Streak 6 | . 4 1 6 Penetration Max . | . . . . Secondary Targets 2 | . 1 . 1 Max Gunslinging Chain 1 | . 1 . 1 Shots Hit Robots 76 | . 9 8 59 Core Hits 74 | . 8 16 50 Critical Kills . | . . . . Critical Parts Destroyed 2 | . . . 2 Critical Strikes 3 | . . . 3 Blast 1 | . . . 1 Smash 2 | . . . 2 Melee Attacks 17 | . . . 17 Impact 17 | . . . 17 Slashing . | . . . . Piercing . | . . . . Sneak Attacks 2 | . . . 2 Combat Hostiles 1 | . . . 1 Follow-up Attacks . | . . . . Damage Inflicted 4228 | . 351 714 3163 Guns 647 | . 101 138 408 Cannons 498 | . . . 498 Explosions 2606 | . 250 576 1780 Melee 477 | . . . 477 Ramming . | . . . . Kinetic 1103 | . 101 138 864 Thermal . | . . . . Explosive 2606 | . 250 576 1780 Electromagnetic 42 | . . . 42 Impact 477 | . . . 477 Slashing . | . . . . Piercing . | . . . . Highest Corruption . | . . . . Average Corruption . | . . . . Corruption Purged . | . . . . Corruption Blocked . | . . . . Overload Shots . | . . . . Overflow Damage 219 | . . . 219 Projectiles 20 | . . . 20 Explosions 66 | . . . 66 Melee 133 | . . . 133 Knockbacks 6 | . . . 6 Impact 3 | . . . 3 Kinetic 3 | . . . 3 Secondary . | . . . . Self-Inflicted Damage 71 | . 9 . 62 Shots 4 | . 1 . 3 Rammed . | . . . . Targets Rammed . | . . . . Kicked . | . . . . Crushed . | . . . . Highest Temperature 176 | . 2 . 176 Average Temperature 40 | . 2 . 40 Received Heat Transfer 699 | . 90 66 543 Siege Activations . | . . . . Robots Corrupted . | . . . . Combat Hostiles . | . . . . Parts Fried 1 | . . . 1 Impact Corruptions 4 | . . . 4 Robots Melted . | . . . . Combat Hostiles . | . . . . Parts Melted . | . . . . Heat Transferred . | . . . . Parts Sabotaged . | . . . . Parts Stolen . | . . . . Parts Stripped . | . . . . Power Chain Reactions . | . . . . Alert | -11 -10 -10 -8 ------- Run | Yrd Mat Sub Mat Peak Influence 473 | . 114 . 473 Initial 93 | . . . 93 Average 222 | . 36 . 297 Maximum Alert Level 2 | . . . 2 Low Security (%) 41 | 100 100 . 17 Level 1 47 | . . . 65 Level 2 11 | . . . 16 Level 3 . | . . . . Level 4 . | . . . . Level 5 . | . . . . High Security . | . . . . Max Security . | . . . . Squads Dispatched 4 | . . . 4 Investigation . | . . . . Extermination . | . . . . Reinforcement 4 | . . . 4 Assault . | . . . . Garrison . | . . . . Intercept . | . . . . Searches Triggered . | . . . . Construction Impeded 1 | . . . 1 Haulers Reinforced . | . . . . Active Scanning Responses . | . . . . Cargo Convoy Interrupts . | . . . . Stealth | -11 -10 -10 -8 --------- Run | Yrd Mat Sub Mat Distress Signals 3 | . 1 . 2 Communications Jammed . | . . . . Distress Signals . | . . . . Times Spotted 67 | . 6 21 40 Peak Tracking Total 6 | . 3 5 6 Tactical Retreats 4 | . . 1 3 Traps | -11 -10 -10 -8 ------- Run | Yrd Mat Sub Mat Traps Triggered 3 | . . . 3 Indirectly . | . . . . Trap Hack Attempts . | . . . . Triggered . | . . . . Disarmed . | . . . . Reprogrammed . | . . . . Reused . | . . . . Traps Extracted . | . . . . Installed . | . . . . Triggered . | . . . . Most Traps Carried 1 | . . 1 1 Machines | -11 -10 -10 -8 ---------- Run | Yrd Mat Sub Mat Machines Disabled 5 | . 1 . 4 Max in Single Turn 1 | . 1 . 1 Machines Repaired . | . . . . Machines Dismantled . | . . . . Machines Sabotaged . | . . . . Overloaded Fab Kills . | . . . . Hacking | -11 -10 -10 -8 --------- Run | Yrd Mat Sub Mat Machines Accessed 7 | . 3 . 4 Terminals 6 | . 2 . 4 Fabricators . | . . . . Repair Stations . | . . . . Recycling Units 1 | . 1 . . Scanalyzers . | . . . . Garrison Access . | . . . . Total Hacks 13 | . 5 . 8 Successful 6 | . 3 . 3 Failed 7 | . 2 . 5 Catastrophic . | . . . . Database Lockouts . | . . . . Manual 2 | . 1 . 1 Terminals 12 | . 4 . 8 Fabricators . | . . . . Repair Stations . | . . . . Recycling Units 1 | . 1 . . Scanalyzers . | . . . . Garrison Access . | . . . . Terminal Hacks 4 | . 2 . 2 Record 1 | . . . 1 Maintenance Status 1 | . 1 . . Hauler Manifests 1 | . . . 1 Zone Layout 1 | . 1 . . Fabricator Hacks . | . . . . Repair Station Hacks . | . . . . Recycling Unit Hacks 1 | . 1 . . Report Inventory 1 | . 1 . . Scanalyzer . | . . . . Garrison Access Hacks . | . . . . Unauthorized Hacks 1 | . . . 1 Terminals 1 | . . . 1 Botnet 1 | . . . 1 Fabricators . | . . . . Repair Stations . | . . . . Recycling Units . | . . . . Scanalyzers . | . . . . Garrison Access . | . . . . Data Cores Recovered . | . . . . Used . | . . . . Hacking Detections 5 | . 2 . 3 Full Trace Events 1 | . . . 1 Feedback Events . | . . . . Feedback Blocked . | . . . . Robot Schematics Acquired . | . . . . Robots Built . | . . . . Authchips . | . . . . Time . | . . . . Total Robot Build Rating . | . . . . Part Schematics Acquired . | . . . . Parts Built . | . . . . Authchips . | . . . . Time . | . . . . Total Part Build Rating . | . . . . Parts Repaired . | . . . . Time . | . . . . Parts Recycled . | . . . . Recycled Matter . | . . . . Retrieved Matter . | . . . . Retrieved Components . | . . . . Parts Scanalyzed . | . . . . Part Schematics Acquired . | . . . . Parts Damaged . | . . . . Bothacking | -11 -10 -10 -8 ------------ Run | Yrd Mat Sub Mat Used RIF Installer . | . . . . Robots Hacked . | . . . . Non-combat . | . . . . Combat . | . . . . Robot Hacks Applied . | . . . . Relay Couplers Released . | . . . . Fabnet Peak Effective % . | . . . . Robots Rewired . | . . . . Allies Hacked . | . . . . Hacks Repelled . | . . . . Allies | -11 -10 -10 -8 -------- Run | Yrd Mat Sub Mat Total Allies . | . . . . Largest Group . | . . . . Highest-Rated Group . | . . . . Highest-Rated Ally . | . . . . Total Orders . | . . . . Ally Attacks . | . . . . Total Damage . | . . . . Kills . | . . . . Allies Corrupted . | . . . . Allies Melted . | . . . . Intel | -11 -10 -10 -8 ------- Run | Yrd Mat Sub Mat Robot Analysis Total . | . . . . Derelict Logs Recovered 1 | . . 1 . Drone Launches . | . . . . Drone Recoveries . | . . . . Exploration | -11 -10 -10 -8 ------------- Run | Yrd Mat Sub Mat Turns Passed 2752 | 67 431 987 1267 Spaces Moved 1796 | 44 235 734 783 Core 25 | 13 . . 12 Treads 571 | 31 235 94 211 Legs 865 | . . 640 225 Wheels . | . . . . Hover 335 | . . . 335 Flight . | . . . . Fastest Speed 50 | 50 160 120 50 Average Speed 127 | 127 160 125 118 Slowest Speed 240 | 160 160 160 240 Overloaded Moves . | . . . . Propulsion Burnouts . | . . . . Robots Hopped . | . . . . Cave-ins Triggered . | . . . . Exploration Rate (%) 30 | 3 31 39 49 Regions Visited 3 Branch Regions 1 Pre-discovered Areas 1 | . . 1 . Known Exits Taken . | . . . . Unknown Exits Taken 3 | 1 1 1 . Scrap Searched 1 | . . 1 . Spaces Dug 16 | . 5 . 11 Terrain Destroyed 252 | . 36 21 195 Melee . | . . . . Projectile 11 | . . . 11 AOE 241 | . 36 21 184 Terrain Rammed . | . . . . Walls Destroyed . | . . . . Machines Disabled . | . . . . Actions | -11 -10 -10 -8 --------- Run | Yrd Mat Sub Mat Total 2107 | 54 266 782 1005 Wait 108 | . 11 5 92 Move 1793 | 43 234 733 783 Hop . | . . . . Pick Up 34 | 5 7 6 16 Fast Attach 17 | 2 . 4 11 Attach 23 | 4 1 2 16 Detach 3 | . . . 3 Swap 9 | . 1 6 2 Drop 24 | . . 12 12 Fire 79 | . 12 14 53 Melee 17 | . . . 17 Ram . | . . . . Kick . | . . . . Crush . | . . . . Escape Stasis . | . . . . Rewire . | . . . . Trap . | . . . . Miscellaneous . | . . . . Route ------- -11/Scrapyard -10/Materials -10/Subcaves (discovered 2 exits: *Mat / [*Rec]) -8/Materials (discovered 1 exit: *Fac) History --------- Turn | Location | Event 5 | -11/Scrapyard | Discovered new exit (range 14) 68 | -11/Scrapyard | Entered Materials 315 | -10/Materials | Build established: Mutant 393 | -10/Materials | Discovered new exit (range 13) 499 | -10/Materials | Entered Subcaves 532 | -10/Subcaves | Shifting Twisted Machinery released Sub. Laser 542 | -10/Subcaves | Shifting Twisted Machinery released Piercing Trap 642 | -10/Subcaves | Ambushed by swarm of Subdwellers 642 | -10/Subcaves | Ambushed by Subdwellers from Twisted Machinery 645 | -10/Subcaves | Ambushed by Subdwellers from Twisted Machinery 648 | -10/Subcaves | Ambushed by Subdwellers from Twisted Machinery 678 | -10/Subcaves | Destroyed 7 combat bots 757 | -10/Subcaves | A swath of the cavern ceiling suddenly collapsed 966 | -10/Subcaves | Build established: Scavenger-Mutant 1077 | -10/Subcaves | Learned location of Zion (-6) 1077 | -10/Subcaves | Met a Zionite searching for "candidates" 1309 | -10/Subcaves | Shifting Twisted Machinery released Multitool 1310 | -10/Subcaves | Shifting Twisted Machinery released Sub. Machine Gun 1349 | -10/Subcaves | Learned 2 Materials zone layouts 1416 | -10/Subcaves | Discovered new exit (range 10) 1439 | -10/Subcaves | Discovered new exit (range 11) 1486 | -10/Subcaves | Entered Materials 1486 | -8/Materials | Evolved 4 slots: Propulsion x1, Utility x2, Weapon x1 1487 | -8/Materials | Identified exit to Factory 1812 | -8/Materials | Lost 6 parts (2p2n1u1w) 1831 | -8/Materials | Core integrity fell below 50% 2171 | -8/Materials | Build established: Scavenger-Gunner 2679 | -8/Materials | Build established: Mutant 2713 | -8/Materials | Core integrity fell below 20% 2753 | -8/Materials | Destroyed by H-61 Shepherd via exploding Fusion Modulator Last Messages --------------- Destroyed Aluminum Leg. Kinecellerator destroyed. G-47 Trooper destroyed. The unstable cave ceiling collapses. K-01 Serf collects debris. The unstable cave ceiling collapses. K-01 Serf collects debris. The unstable cave ceiling collapses. K-01 Serf collects debris. Assault Cannon destroyed. Gravmag System destroyed. Lgt. Nuclear Core destroyed. K-01 Serf collects debris. The unstable cave ceiling collapses. K-01 Serf collects debris. Destroyed Flight Unit. S-10 Pest system corrupted by crushing effect. S-10 Pest destroyed. Fusion Modulator explodes. Gravmag System destroyed. Map ----- +----------------------------------------------------+ | | | | | | | | | | | | | | | | | | | | | | | ?????????????????????????????????????????????????? | | ?????????????????????????????????????????????????? | | ?????????????????????????????????????????????????? | | ?????????????????????????????????????????????????? | | ?????????????????????????????????????????????????? | | ?????????????????????????????????????????????????? | | ?????????????????????????????????????????????????? | | ?????????????????????????????????????????????????? | | ?????????????????????????????????????????????????? | | ????????????????###########??????? #????????????? | | ????????????????# #?????"S # ###????????? | | ????????????????# #### "" / / ?????? | | ????????????????# """ s/ / #????????????? | | ????????????????# """ s#### / #????????????? | | ????????????????# """ @##???? #????????????? | | ????????????????# #??????###????????????? | | ????????????????# ######????????????????? | | ??????????####### ! #######?????#??????????? | | "#### ;; !k ##### ##?????????? | | !=%/ %H % T" #?????????? | | /== */ %% " +?????????? | | =%=%* % t #?????????? | | # #### ### ## # ##### ##?????????? | | [ !??? ###?# ## ##???#+#??????????? | | ! ????# """ #???### ###### # ? #??????????? | | ??????# """ #?????####???## # #??????????? | | ??????# """ #????????????## + #??????????? | | ??????# #????????????## # """ #??????????? | | ???????? ?????????????## # ?""" #??????????? | | ????#????####????########### # """ #####??????? | | ????# ???????????########### ############??????? | | ????# ???????###### # # """ """ ##??????? | | ???## ???????######[""" # # """ """ ##??????? | | ???## ######### =+ """ # / """ """ ##??????? | | ???## ### # """ # #= ##??????? | | ???## ### # + #% ##??????? | | ???## ### # """ # #! ##??????? | | ???## ### # """ # # * ##??????? | | ???## ###! # """ # # ##??????? | +----------------------------------------------------+ Best States ------------- Heat Dissipation 31 Energy Generation 18 Energy Capacity 265 Matter Stores 300 Matter Capacity 300 Sight Range 21 Terrain Scan Density 10 Armor Coverage 450 Phase Shifting 5 Evasion (%) 60 Targeting Accuracy 10 Recoil Reduction 2 Kinecelleration 30 Item Schematics ----------------- None Robot Schematics ------------------ None Fabricated ------------ Nothing Alien Tech Used ----------------- None Achievements -------------- Oops Remodeling Storm Trooper Challenges ------------ None Game ------ Seed SegregatorThiefMonowheel Manual? 0 Play Time 00:43:36 Cumulative 6.0 hours Start 2024.04.03 @ 08:11:47 End 2024.04.03 @ 08:52:51 Sessions 1 Manual Loads 0 Difficulty Rogue Special Mode None Game No. 5 Rogue 2 Adventurer 3 Explorer 0 Win Type - Total 0 Types 0/0/0/0/0/0/0/0/0 Lore% 6 Gallery% 11 Achievement% 12 Wizard Run 0 Options --------- Layout 1 ASCII 0 Keyboard 0 Movement Arrows Keybinds 0 Fullscreen 1 Font 24/Smallcaps Map View 50x35 Zoom Use 0% Tactical HUD 0 Map Filters NONE Filters NONE Steam 1 RUN: 38f3a5d8-a1c2-46ab-b909-bb5d2d66b016